 Dungeon Crawl Stone Soup version 0.31-a0-331-geda263fcf1 (webtiles) character file.

Game seed: 1267342182073340696

696 BrainTurd the Geomancer (level 7, -10/36 HPs)
             Began as a Gargoyle Earth Elementalist on July 19, 2023.
             Was an Initiate of Sif Muna.
             Mangled by an ogre
             ... wielding a +0 giant club
              (34 damage)
             ... on level 5 of the Dungeon on July 20, 2023.
             The game lasted 00:19:36 (4956 turns).

BrainTurd the Geomancer (GrEE)                      Turns: 4956, Time: 00:19:37

Health: -10/36     AC: 10    Str: 11    XL:     7   Next: 64%
Magic:  6/10       EV: 11    Int: 18    God:    Sif Muna [......]
Gold:   243        SH:  5    Dex: 10    Spells: 4/10 levels left

rFire   . . .        n - +2 whip (elec)
rCold   . . .        (no shield)
rNeg    + . .        a - +0 robe
rPois   ∞            (no helmet)
rElec   +            g - +0 cloak
rCorr   .            (no gloves)
SInv    .            c - +2 pair of boots
Will    .....        f - amulet of reflection
Stlth   ++           (no ring)
HPRegen 0.26/turn    (no ring)
MPRegen 0.12/turn

%: reflection
@: no status effects
A: sickness immunity, AC +4, negative energy resistance 1, electricity
resistance, torment resistance 1, petrification resistance
a: Renounce Religion


You were on level 5 of the Dungeon.
You worshipped Sif Muna.
Sif Muna was noncommittal.
You visited 1 branch of the dungeon, and saw 5 of its levels.

You collected 243 gold pieces.

Inventory:

Hand Weapons
 n - a +2 whip of electrocution (weapon)
Missiles
 j - 2 curare-tipped darts
 v - 8 boomerangs
Armour
 a - a +0 robe (worn)
 c - a +2 pair of boots (worn)
 g - a +0 cloak (worn)
Magical Staves
 u - a staff of fire
Jewellery
 f - an amulet of reflection (around neck)
Scrolls
 d - a scroll of noise {unknown}
 i - 5 scrolls of teleportation {unknown}
 k - 3 scrolls of brand weapon {unknown}
 m - a scroll of torment {unknown}
 o - a scroll of poison {unknown}
 p - a scroll of enchant armour {unknown}
 q - 2 scrolls of identify {unknown}
 r - 2 scrolls of fog {unknown}
Potions
 b - a potion of magic
 e - 3 potions of berserk rage {unknown}
 h - a potion of haste {unknown}
 l - 2 potions of curing {unknown}
 t - a potion of heal wounds {unknown}
 w - a potion of degeneration {unknown}
Miscellaneous
 s - a phantom mirror


   Skills:
 - Level 1.5 Dodging
 - Level 2.1 Stealth
 - Level 2.0 Spellcasting
 + Level 3.8 Transmutations
 * Level 8.8 Earth Magic


You had 4 spell levels left.
You knew the following spells:

 Your Spells              Type           Power      Damage    Failure   Level
a - Sandblast             Erth           66%        2d15      1%          1
b - Passwall              Tmut/Erth      20%        N/A       1%          2
c - Stone Arrow           Conj/Erth      34%        3d9       9%          3

Your spell library contained the following spells:

 Spells                   Type           Power      Damage    Failure   Level
 Petrify                  Tmut/Erth      24%        N/A       13%         4
 Apportation              Tloc           2%         N/A       19%         1
 Necrotise                Necr           4%         1d4       19%         1
 Summon Small Mammal      Summ           4%         N/A       19%         1


Dungeon Overview and Level Annotations

Branches:
Dungeon (5/15)
 Temple: D:4-7

Altars:
Ashenzari
Sif Muna

Annotations:
D:5 1 runed translucent door


Innate Abilities, Weirdness & Mutations

You are immune to sickness and miasma.
Your stone body is resilient. (AC +4)
You are immune to poison.
You resist negative energy. (rN+)
You are resistant to electric shocks. (rElec)
You are resistant to unholy torment.
You are immune to petrification.


Message History

Found a runed translucent door.
q - 2 scrolls labelled BERULEA HI PIY (gained 1)
An adder comes into view.
The adder hisses angrily.
Aiming: Sandblast (safe; 1% risk of failure)
Press: ? - help, Q - select action, (/) - cycle Shift-Dir - straight line, f - adder
Aim: an adder (73% to hit)
The blast of sand hits the adder!
You kill the adder!
Sif Muna accepts your kill.
You see here an adder corpse.
Found a leather armour and 4 poisoned darts.
An ogre and a shadow imp come into view.
The ogre shouts!
The shadow imp shouts!
The shadow imp moves out of view.
The shadow imp disappears for a moment.
Aiming: Sandblast (safe; 1% risk of failure)
Press: ? - help, Q - select action, (/) - cycle Shift-Dir - straight line, f - shadow imp
Aim: a shadow imp (82% to hit)
The blast of sand hits the shadow imp!
The shadow imp is almost dead.
Aiming: Sandblast (safe; 1% risk of failure)
Press: ? - help, Q - select action, (/) - cycle Shift-Dir - straight line, f/p - shadow imp
Aim: a shadow imp (almost dead, 82% to hit)
The blast of sand hits the shadow imp!!
You kill the shadow imp!
Sif Muna accepts your kill.
Aiming: Sandblast (safe; 1% risk of failure)
Press: ? - help, Q - select action, (/) - cycle Shift-Dir - straight line, f - ogre
Aim: an ogre, wielding a +0 giant club (92% to hit)
The blast of sand hits the ogre!
The ogre is moderately wounded.
The ogre hits you with a +0 giant club!
Aiming: Sandblast (safe; 1% risk of failure)
Press: ? - help, Q - select action, (/) - cycle Shift-Dir - straight line, f/p - ogre
Aim: an ogre, wielding a +0 giant club (moderately wounded, 92% to hit)
The blast of sand misses the ogre.
The ogre hits you with a +0 giant club!!
Ouch! That really hurt!
You die...

#.....[..##......>.#
#.#.#....##.#...#..#
#.#...(.............
#.#...........#.####
#..#.####.#+#... #
##.#.#....#~#... #
#.#......#~#... ...
#.#......#S#### ###
#.@O.....#
####.....# ....#
...# ###


You could see an ogre.

Vanquished Creatures
  An ogre (D:4)
  A phantom (D:5)
  A bullfrog (D:4)
  A gnoll bouda (D:4)
  An orc priest (D:4)
  3 jellies
  2 iguanas (D:4)
  2 orc wizards
  A sleepcap (D:4)
  6 adders
  3 gnolls (D:3)
  A shadow imp (D:5)
  An ufetubus (D:4)
  2 dart slugs
  13 orcs
  8 ball pythons
  10 endoplasms
  2 giant cockroaches
  2 goblins
  12 hobgoblins
  A jackal (D:3)
  2 quokkas
  3 bats
  4 frilled lizards
  12 kobolds
  5 rats
100 creatures vanquished.

Notes
Turn   | Place    | Note
-------+----------+-------------------------------------------
     0 | D:1      | BrainTurd the Gargoyle Earth Elementalist began the quest
                  | for the Orb.
     0 | D:1      | Reached XP level 1. HP: 10/10 MP: 3/3
   116 | D:1      | Reached skill level 1 in Transmutations
   165 | D:1      | Reached skill level 4 in Earth Magic
   172 | D:1      | Reached XP level 2. HP: 15/15 MP: 0/5
   700 | D:1      | Reached XP level 3. HP: 19/19 MP: 4/6
   703 | D:1      | Learned a level 2 spell: Passwall
   707 | D:1      | Learned a level 3 spell: Stone Arrow
  2181 | D:3      | Reached skill level 5 in Earth Magic
  2218 | D:3      | Reached XP level 4. HP: 24/24 MP: 4/7
  2865 | D:3      | Reached XP level 5. HP: 27/28 MP: 8/8
  2907 | D:3      | Reached skill level 6 in Earth Magic
  3698 | D:4      | Reached XP level 6. HP: 32/32 MP: 5/9
  3784 | D:4      | Reached skill level 7 in Earth Magic
  3916 | D:4      | Reached XP level 7. HP: 36/36 MP: 5/10
  3998 | D:4      | Reached skill level 8 in Earth Magic
  4069 | D:4      | Found a shimmering blue altar of Sif Muna.
  4079 | D:4      | Became a worshipper of Sif Muna the Loreminder
  4241 | D:4      | Found a broken altar of Ashenzari.
  4717 | D:5      | Entered Level 5 of the Dungeon
  4899 | D:5      | Found a runed translucent door.
  4956 | D:5      | Mangled by an ogre

Illustrated notes

Levels and vault maps discovered:
D:1:      spicycebolla_arrival_xxxplode, layout_basic
D:2:      layout_basic, wad_floor_pattern_untrapped, minmay_gold_behind_fungi,
          nrook_campfire
D:3:      cheibrodos_helix_gallery, layout_basic
D:4:      layout_loops_ring, nicolae_ashenzari_skybound, minmay_ruined_shrine
D:5:      wad_river_or_something, layout_basic, ebering_ghost_sewer_d,
          uniq_ijyb, uniq_sigmund

Skill      XL: |  1  2  3  4  5  6  7 |
---------------+----------------------+-----
Transmutations | 1 2 3 |  3.8
Earth Magic    | 4 5 6 7 8 |  8.8
Dodging        | |  1.5
Stealth        | |  2.1
Spellcasting   | |  2.0

Action                     |  1- 3 |  4- 6 |  7- 9 || total
---------------------------+-------+-------+-------++-------
  Melee: Unarmed           |    66 |     4 |       ||    70
         Punch             |     1 |       |       ||     1
         Whip              |       |    51 |    20 ||    71
   Cast: Sandblast         |    51 |    46 |    37 ||   134
         Passwall          |     2 |     2 |       ||     4
 Armour: Robe              |    36 |    40 |    11 ||    87
  Dodge: Dodged            |    44 |    29 |    12 ||    85
  Block: Other             |       |       |     6 ||     6

Table legend: (Time is in decaauts)
 A = Elapsed time spent in this place.
 B = Non-inter-level travel time spent in this place.
 C = Inter-level travel time spent in this place.
 D = Time resting spent in this place.
 E = Time spent auto-exploring this place.
 F = Levels seen in this place.
 G = Mean time per level.
                   A        B        C        D        E       F      G
               +--------+--------+--------+--------+--------+-----+--------+
         Total |   5036 |   4828 |    208 |    331 |   3686 |   5 | 1007.2 |
       Dungeon |   5036 |   4828 |    208 |    331 |   3686 |   5 | 1007.2 |
               +--------+--------+--------+--------+--------+-----+--------+

Top non-repeatable levels by time:
     D:3: 1512 daAuts
     D:4: 1161 daAuts
     D:1: 1120 daAuts
     D:2: 1039 daAuts
     D:5: 201 daAuts
